 Dungeon Crawl Stone Soup version 0.28.0-49-g6dfe1f597d (webtiles) character file.

Game seed: 2290069713328706265

11 Atelerd the Digger (level 2, -1/17 HPs)
             Began as an Octopode Earth Elementalist on May 15, 2022.
             Slain by a jackal (2 damage)
             ... on level 1 of the Dungeon.
             The game lasted 00:00:32 (464 turns).

Atelerd the Digger (Octopode Earth Elementalist)     Turns: 464, Time: 00:00:32

Health: -1/17      AC:  1    Str:  7    XL:     2   Next: 25%
Magic:  1/5        EV: 13    Int: 17    God:
Gold:   16         SH:  0    Dex: 12    Spells: 4/5 levels left

rFire   . . .      SeeInvis .   (no weapon)
rCold   . . .      Faith    .   (no shield)
rNeg    . . .      Spirit   .   (helmet restricted)
rPois   .          Reflect  .   (no amulet)
rElec   .          Harm     .   (no ring)
rCorr   .          Rampage  .   (no ring)
Will    .....                   (no ring)
Stlth   +++.......              (no ring)
HPRegen 0.05/turn               (no ring)
MPRegen 0.09/turn               (no ring)
                                (no ring)
                                (no ring)

@: no status effects
A: almost no armour, amphibious, 8 rings, camouflage 1, gelatinous body 1,
(nimble swimmer 1), tentacles
a: no special abilities


You were on level 1 of the Dungeon.
You visited 1 branch of the dungeon, and saw 1 of its levels.

You collected 16 gold pieces.

Inventory:

Missiles
 b - 19 stones
Jewellery
 c - a ring of willpower
Scrolls
 a - a scroll of enchant weapon {unknown}
 d - 3 scrolls of acquirement {unknown}


   Skills:
 - Level 2.0 Dodging
 - Level 2.6 Stealth
 + Level 2.0 Spellcasting
 + Level 1.0 Transmutations
 + Level 3.6 Earth Magic


You had 4 spell levels left.
You knew the following spells:

 Your Spells              Type           Power      Damage    Failure   Level
a - Sandblast             Erth           28%        2d8       4%          1

Your spell library contained the following spells:

 Spells                   Type           Power      Damage    Failure   Level
 Passwall                 Tmut/Erth      7%         N/A       11%         2
 Stone Arrow              Conj/Erth      14%        3d7       26%         3
 Petrify                  Tmut/Erth      9%         N/A       58%         4


Dungeon Overview and Level Annotations

Branches:
Dungeon (1/15)

Altars:


Innate Abilities, Weirdness & Mutations

You cannot wear most types of armour.
You are amphibious.
You can wear up to eight rings at the same time.
Your skin changes colour to match your surroundings (Stealth+).
Your rubbery body absorbs attacks. (AC +1, EV +1)
((You are camouflaged when in or above water. (Stealth+)))
You have tentacles for arms and can constrict up to eight enemies at once.


Message History

Your magical contamination has completely faded away.
Unknown command.
Found a robe.
The hobgoblin closely misses you.
A ball python comes into view.
A jackal comes into view.
A jackal comes into view.
The ball python closely misses you. The ball python grabs you.
The ball python constricts you.
* * * LOW HITPOINT WARNING * * *
You escape the ball python's grasp.
You see here a +0 robe.
The ball python closely misses you. The ball python misses you.
Sorry, you're not good enough to have a special ability.
Casting: Sandblast (safe; 4% risk of failure)
Confirm with . or Enter, or press ? or * to list all spells.
You don't know that spell.
Sorry, you're not good enough to have a special ability.
Unknown command.
Unknown command.
Unknown command.
Casting: Sandblast (safe; 4% risk of failure)
Confirm with . or Enter, or press ? or * to list all spells.
Aiming: Sandblast (safe; 4% risk of failure)
Press: ? - help, Shift-Dir - straight line, f/p - endoplasm
Aim: an endoplasm (98% to hit)
The blast of sand hits the ball python!
You kill the ball python!
The jackal barks!
Unknown command.
Casting: Sandblast (safe; 4% risk of failure)
Confirm with . or Enter, or press ? or * to list all spells.
Aiming: Sandblast (safe; 4% risk of failure)
Press: ? - help, Shift-Dir - straight line, f/p - endoplasm
Aim: an endoplasm (98% to hit)
The blast of sand misses the jackal.
The blast of sand hits the hobgoblin!
You kill the hobgoblin!
The jackal bites you.
* * * LOW HITPOINT WARNING * * *
The jackal bites you.
You die...

##........##....
#..#.....## #..
#.##.....## .
#####.#.......#
#.....#.......####
..#####...........
.......#....h.##
.....h......hl######
############.Jhh@..#
#######...... #####


You could see an endoplasm, 3 jackals and a frilled lizard.

Vanquished Creatures
  A dart slug (D:1)
  A giant cockroach (D:1)
  A hobgoblin (D:1)
  3 ball pythons (D:1)
  2 bats (D:1)
  A rat (D:1)
9 creatures vanquished.

Notes
Turn   | Place    | Note
-------+----------+-------------------------------------------
     0 | D:1      | Atelerd the Octopode Earth Elementalist began the quest for
                  | the Orb.
     0 | D:1      | Reached XP level 1. HP: 11/11 MP: 3/3
   429 | D:1      | Reached XP level 2. HP: 17/17 MP: 3/5
   464 | D:1      | Slain by a jackal

Illustrated notes

Levels and vault maps discovered:
D:1:      roderic_chinese_lattice_arrival, layout_rooms

Action                   || total
-------------------------++-------
Melee: Unarmed           ||     6
       Constrict         ||     2
       Tentacles         ||     1
 Cast: Sandblast         ||    11
Dodge: Dodged            ||    15
